AoeStats
← AiM | XiøFabrY

Arabia

510118979Analyzed
1v1 RM · 3d ago on Sep 29, 2026· 13m 32s· 2 players
Game mode
Random Map
Map size
Tiny (2 player)
Population
200
Speed
Normal
Resources
Standard
Victory
Conquest
Starting age
Dark Age
Ending age
Imperial Age
RankedLock teamsTeams togetherTeam positionsShared explorationLock speedFull tech treeHidden civsTurbo modeCheats
Victory
Defeat
🇩🇪 Magyars · Germany
1250
+17
🇨🇱 Georgians · Chile
1268
-17
Wurst2
6:59 Loom
9:52 Feudal Age
11:09 Horse Collar
12:06 Double-Bit Axe
AiM | XiøFabrY
3:21 Loom
3:35 Loom
8:30 Feudal Age
9:53 Double-Bit Axe
Connection lost

Rejoining the realm…

Still unreachable

The connection could not be restored.

Session expired

The server has moved on; the page needs a fresh start.